 Dungeon Crawl Stone Soup version 0.25-a0-990-g0adbbaad2a (console) character file.

Game seed: 4675681568150984571, levelgen mode: classic

24 Duffy the Conjurer (level 2, -1/19 HPs)
             Began as a Demonspawn Fire Elementalist on May 10, 2020.
             Slain by a crimson imp (3 damage)
             ... summoned by Natasha
             ... on level 2 of the Dungeon.
             The game lasted 00:00:43 (1275 turns).

Duffy the Conjurer (Demonspawn Fire Elementalist)   Turns: 1275, Time: 00:00:44

Health: -1/19      AC:  2    Str:  8    XL:     2   Next: 79%
Magic:  9/14       EV: 10    Int: 16    God:
Gold:   106        SH:  0    Dex: 13    Spells: 4/5 levels left

rFire    . . .     SeeInvis .   c - ration
rCold    . . .     Gourm    .   (no shield)
rNeg     . . .     Faith    .   a - +0 robe
rPois    .         Spirit   .   (no helmet)
rElec    .         Reflect  .   (no cloak)
rCorr    .         Harm     .   (no gloves)
MR       .....                  (no boots)
Stlth    ++........             (no amulet)
HPRegen  0.06/turn              e - ring of magical power
MPRegen  0.14/turn              j - -2 ring of evasion (curse)

@: very slightly contaminated
A: talons 1
a: no special abilities


You were on level 2 of the Dungeon.
You were not hungry.

You visited 1 branch of the dungeon, and saw 2 of its levels.

You collected 106 gold pieces.

Inventory:

Armour
 a - a +0 robe (worn)
Jewellery
 e - a ring of magical power (left hand)
 i - an uncursed ring of ice
 j - a cursed -2 ring of evasion (right hand)
Scrolls
 d - 2 scrolls of remove curse {unknown}
 g - a scroll of magic mapping {unknown}
Potions
 b - a potion of degeneration {unknown}
 f - a potion of stabbing {unknown}
 h - a potion of lignification {unknown}
 k - a potion of curing {unknown}
Comestibles
 c - a ration (in hand)
 l - a chunk of flesh


   Skills:
 - Level 1.7 Dodging
 - Level 1.7 Stealth
 - Level 2.0 Spellcasting
 + Level 2.8 Conjurations
 - Level 2.6 Fire Magic


You had 4 spell levels left.
You knew the following spells:

 Your Spells              Type           Power        Failure   Level  Hunger
h - Foxfire               Conj/Fire      ##..         7%          1    #......

Your spell library contained the following spells:

 Spells                   Type           Power        Failure   Level  Hunger
 Conjure Flame            Conj/Fire      ##......     21%         3    ###....
 Inner Flame              Hex/Fire       #.......     34%         3    ###....
 Sticky Flame             Conj/Fire      ##......     54%         4    #####..
 Fireball                 Conj/Fire      ##........   88%         5    ######.


Dungeon Overview and Level Annotations

Branches:
Dungeon (2/15)

Altars:
Ashenzari
Nemelex Xobeh
Wu Jian

Annotations:
D:2 Natasha


Innate Abilities, Weirdness & Mutations

You have sharp toenails.


Message History

You conjure some foxfire!
Natasha claws you!
Unknown command.
Your foxfire dissipates!
The crimson imp blinks!
The crimson imp hits you.
Natasha mumbles some strange words.
Natasha howls an incantation.
You feel disoriented.
Cast which spell? (? or * to list)
You conjure some foxfire!
The crimson imp barely misses you.
Natasha wildly gestures.
Natasha's front paws start to glow.
Unknown command.
Cast which spell? (? or * to list)
You miscast Foxfire.
Nothing appears to happen.
The foxfire hits the crimson imp.
The crimson imp completely resists.
The foxfire hits the crimson imp.
The crimson imp completely resists.
Natasha casts a spell.
The crimson imp hits you.
You die...

#### ##############
...###
#####......5.5...#
##...
..##.####h#####.#
##.######.##.# #5##
..?
...........[.####@5##
####
......##.>.####...0.#
#..##.#.#.#.#...._..#
#..##.........#._8..#
...####.#.#.#.#.._..#
#.## ##...##.#.....#
#.# ##.###.#..##.#
#.# #.# #.##.. .#
#.###.#####.#


You could see an iron imp (summoned), Natasha, a crimson imp (summoned) and a
white imp (summoned).

Vanquished Creatures
  An ooze (D:1)
  2 dart slugs (D:1)
  A leopard gecko (D:1)
  A giant cockroach (D:2)
  3 goblins
  A hobgoblin (D:1)
  A ball python (D:1)
  5 bats
15 creatures vanquished.

Vanquished Creatures (collateral kills)
  A rat (D:1)
1 creature vanquished.

Vanquished Creatures (others)
  65 foxfires
65 creatures vanquished.

Grand Total: 81 creatures vanquished

Notes
Turn   | Place    | Note
-------+----------+-------------------------------------------
     0 | D:1      | Duffy the Demonspawn Fire Elementalist began the quest for
                  | the Orb.
     0 | D:1      | Reached XP level 1. HP: 13/13 MP: 3/3
   370 | D:1      | Gained mutation: You have sharp toenails. [demonic
                  | ancestry]
   370 | D:1      | Reached XP level 2. HP: 19/19 MP: 5/5
  1246 | D:2      | Found a shattered altar of Ashenzari.
  1251 | D:2      | Found a sparkling altar of Nemelex Xobeh.
  1251 | D:2      | Found an ornate altar of the Wu Jian Council.
  1262 | D:2      | Noticed Natasha
  1264 | D:2      | Noticed a crimson imp
  1275 | D:2      | Slain by a crimson imp

Illustrated notes

Levels and vault maps discovered:
D:1:      dpeg_arrival_leaves_temple_mockup, layout_loops_ring
D:2:      layout_loops_ring, chequers_temple_overflow_statue_of_worship,
          uniq_crazy_yiuf_cottage, uniq_natasha

Skill      XL: |  1 |
---------------+----+-----
Conjurations   | 2 |  2.8
Dodging        | |  1.7
Stealth        | |  1.7
Spellcasting   | |  2.0
Fire Magic     | |  2.6

Action                   || total
-------------------------++-------
 Cast: Foxfire           ||    63
  Eat: Chunk             ||     2
Armor: Robe              ||     3
Dodge: Dodged            ||    11

Table legend:
 A = Non-vault XP
 B = Vault XP
 C = Vault XP percentage of total XP
 D = Non-vault monster count
 E = Vault monster count
 F = Vault count percentage of total count
                 A         B        C        D         E       F
            +---------+---------+-------+---------+---------+-------
      Total |      35 |       0 |   0.0 |      16 |       0 |   0.0
            +---------+---------+-------+---------+---------+-------
        D:1 |      30 |       0 |   0.0 |      13 |       0 |   0.0
        D:2 |       5 |       0 |   0.0 |       3 |       0 |   0.0
            +---------+---------+-------+---------+---------+-------
